 Dungeon Crawl Stone Soup version 0.26-a0-682-g294304f6e8 (webtiles) character file.

Game seed: 5054692694494748195

12539 jiml777 the Thaumaturge (level 11, 0/54 HPs)
             Began as a Deep Elf Conjurer on Oct 20, 2020.
             Was a Priest of Sif Muna.
             Hit by a javelin thrown by Urug (5 damage)
             ... on level 13 of the Dungeon.
             The game lasted 02:00:36 (12989 turns).

jiml777 the Thaumaturge (Deep Elf Conjurer)        Turns: 12989, Time: 02:00:36

Health: 0/54       AC:  8    Str:  4    XL:     11   Next: 63%
Magic:  1/28       EV: 14    Int: 27    God:    Sif Muna [***...]
Gold:   654        SH:  3    Dex: 13    Spells: 12/32 levels left

rFire    + . .     SeeInvis .   n - +4 dagger (elec)
rCold    . . .     Faith    .   D - +0 buckler
rNeg     . . .     Spirit   .   J - +2 robe {rF+}
rPois    .         Reflect  .   l - +2 helmet
rElec    .         Harm     .   (no cloak)
rCorr    .         Rampage  .   (no gloves)
MR       ++...                  c - +0 pair of boots
Stlth    +++.......             r - amulet of the acrobat
HPRegen  0.18/turn              w - ring of protection from magic
MPRegen  0.21/turn              (no ring)

@: no status effects
A: no striking features
a: Channel Magic, Forget Spell, Renounce Religion


You were on level 13 of the Dungeon.
You worshipped Sif Muna.
Sif Muna was most pleased with you.
You visited 2 branches of the dungeon, and saw 13 of its levels.

You collected 654 gold pieces.

Inventory:

Hand Weapons
 n - a +4 dagger of electrocution (weapon)
 t - a +2 hunting sling of freezing
 P - a +2 short sword of speed
 Q - a +4 dagger of venom
Missiles
 d - 36 poisoned darts (quivered)
 g - 324 stones
 h - 3 javelins
 y - 4 atropa-tipped darts
Armour
 c - a +0 pair of boots (worn)
 l - a +2 helmet (worn)
 C - +0 steam dragon scales
 D - a +0 buckler (worn)
 J - a +2 robe of fire resistance (worn)
 O - a +2 leather armour of cold resistance
Jewellery
 r - an amulet of the acrobat (around neck)
 w - a ring of protection from magic (left hand)
Wands
 j - a wand of iceblast (17)
 k - a wand of flame (4)
 s - a wand of paralysis (7)
 u - a wand of polymorph (6)
 A - a wand of disintegration (10)
 I - a wand of enslavement (10)
 K - a wand of digging (5)
Scrolls
 a - a scroll of amnesia
 m - 7 scrolls of remove curse
 q - 5 scrolls of teleportation
 x - 3 scrolls of fear
 B - a scroll of blinking
Potions
 b - 3 potions of might
 e - 2 potions of berserk rage
 i - a potion of curing
 o - 2 potions of lignification
 p - a potion of cancellation
 z - a potion of brilliance
 E - 2 potions of mutation
 F - a potion of ambrosia
 G - a potion of magic
 H - a potion of stabbing {unknown}
 M - a potion of flight {unknown}
 N - a potion of haste {unknown}


   Skills:
 - Level 0.2 Short Blades
 - Level 3.1 Throwing
 - Level 5.5 Dodging
 - Level 4.5 Stealth
 * Level 11.3 Spellcasting
 * Level 10.0 Conjurations
 * Level 9.3 Hexes
 * Level 7.5 Translocations
 * Level 2.5 Transmutations
 * Level 2.5 Fire Magic
 * Level 2.1 Air Magic
 * Level 2.1 Poison Magic
 + Level 3.9 Invocations
 * Level 6.5 Evocations


You had 12 spell levels left.
You knew the following spells:

 Your Spells              Type           Power        Failure   Level
a - Magic Dart            Conj           ####         1%          1
b - Searing Ray           Conj           ######       1%          2
c - Dazzling Flash        Conj/Hex       ######       1%          3
d - Iskenderun's Mystic   Conj/Tloc      ######..     1%          4
e - Fulminant Prism       Conj/Hex       ######....   1%          4
f - Mephitic Cloud        Conj/Pois/Air  #####...     2%          3
g - Ignite Poison         Fire/Tmut/Pois ####....     7%          3

Your spell library contained the following spells:

 Spells                   Type           Power        Failure   Level
 Sting                    Tmut/Pois      ####         2%          1
 Poisonous Vapours        Pois/Air       ####..       4%          2
 Olgreb's Toxic Radiance  Pois           ####....     26%         4


Dungeon Overview and Level Annotations

Branches:
Dungeon (11/15)            Temple (1/1) D:5            Lair (0/6) D:11
    Orc (0/2) D:11

Altars:
Ashenzari
Cheibriados
Dithmenos
Elyvilon
Fedhas
Gozag
Hepliaklqana
Kikubaaqudgha
Makhleb
Nemelex Xobeh
Okawaru
Qazlal
Ru
Sif Muna
Trog
Uskayaw
Vehumet
Wu Jian
Xom
Yredelemnul
Zin
The Shining One

Annotations:
D:13 Rupert, Urug


Message History

Casting: Mephitic Cloud (dangerous; 2% risk of failure)
Confirm with . or Enter, or press ? or * to list all spells.
You ignite the poison in your surroundings!
You carefully extract the barbed spikes from your body.
Urug is engulfed in blazing flames.
Urug hits you with a +2 double sword!
* * * LOW HITPOINT WARNING * * *
You block the manticore's attack.
The manticore claws you but does no damage. x2
Press: ? - help, Dir - move target cursor, p - human
As you read the scroll of blinking, it crumbles to dust.
An acid dragon, 8 humans and Rupert come into view.
Rupert is wielding a +2 great sword of holy wrath.
The human shouts! x3; Rupert shouts!
The shadow is engulfed in blazing flames.
The shadow slips into darkness.
The shadow flickers and vanishes!
Deactivating autopickup; reactivate with Ctrl-A.
Urug is engulfed in blazing flames.
Urug throws a javelin.
The javelin pierces through you.
You die...

########
#####.p.§..#
#......○○o.#
#......{○H§#
#####......#####
.......@.(.#
........>..#
...........#
...........#
.....p.....#
...p@.p.....
....Dp.......
...pppp....###
..p.p....#


You could see Rupert, Urug, a manticore, 9 humans and an acid dragon
(wandering).

Vanquished Creatures
  Harold (D:7)
  A two-headed ogre (D:8)
  A centaur warrior (D:13)
  Pikel (D:4)
  Maggie (D:7)
  A kobold demonologist (D:10)
  A troll (D:13)
  A hornet (D:9)
  4 slime creatures (D:10)
  A wyvern (D:8)
  14 yaks
  4 humans (D:13)
  2 vampire mosquitoes (D:11)
  2 water moccasins
  5 sky beasts
  A black bear (D:10)
  4 orc warriors
  2 phantoms
  5 ogres
  2 centaurs
  A necrophage (D:10)
  4 lemures (D:4)
  8 bullfrogs
  4 big kobolds
  A gnoll sergeant (D:10)
  A wyvern zombie (D:8)
  A water moccasin skeleton (D:6)
  The ghost of jr88keys the Chopper, a weakling MiBe of Trog (D:3)
  4 scorpions
  7 killer bees
  6 wights
  A howler monkey (D:8)
  A bullfrog zombie (D:6)
  A centaur zombie (D:7)
  4 jellies
  A quasit (D:8)
  7 hounds
  7 orc priests
  5 orc wizards
  A centaur skeleton (D:4)
  Ijyb (D:3)
  3 iguanas
  9 worker ants
  A hound zombie (D:9)
  2 hound skeletons
  Robin (D:2)
  17 adders
  23 gnolls
  A howler monkey skeleton (D:8)
  2 shadow imps (D:5)
  3 white imps
  4 ufetubi
  An ooze (D:4)
  An adder skeleton (D:5)
  An adder zombie (D:6)
  2 worms
  A dart slug (D:1)
  4 leopard geckos
  41 orcs
  2 ball pythons
  9 giant cockroaches
  23 goblins
  5 hobgoblins
  15 jackals
  10 kobolds
  5 quokkas
  7 bats
  7 frilled lizards
  A quokka zombie (D:7)
  6 rats
328 creatures vanquished.

Vanquished Creatures (others)
  A fulminant prism (D:11)
  3 plants (D:8)
  2 withered plants (D:3)
6 creatures vanquished.

Grand Total: 334 creatures vanquished

Notes
Turn   | Place    | Note
-------+----------+-------------------------------------------
     0 | D:1      | jiml777 the Deep Elf Conjurer began the quest for the Orb.
     0 | D:1      | Reached XP level 1. HP: 10/10 MP: 6/6
   273 | D:1      | Reached XP level 2. HP: 15/15 MP: 5/8
   357 | D:1      | Learned a level 2 spell: Searing Ray
   679 | D:2      | Reached skill level 5 in Conjurations
   682 | D:2      | Reached XP level 3. HP: 19/19 MP: 0/9
   685 | D:2      | Noticed Robin
   703 | D:2      | Killed Robin
  1047 | D:2      | Found a faded altar of an unknown god.
  1259 | D:2      | Found a transporter.
  1262 | D:2      | Found a broken altar of Ashenzari.
  1263 | D:2      | Found a transporter.
  1266 | D:2      | Found a shimmering altar of Xom.
  1268 | D:2      | Noticed an ogre
  1363 | D:2      | Reached XP level 4. HP: 23/24 MP: 6/11
  1368 | D:2      | Learned a level 3 spell: Dazzling Flash
  1373 | D:2      | Learned a level 4 spell: Iskenderun's Mystic Blast
  1506 | D:2      | Reached skill level 4 in Spellcasting
  1744 | D:3      | Found a runed translucent door.
  1748 | D:3      | Noticed a bullfrog
  1749 | D:3      | Noticed jr88keys's ghost (weakling MiBe)
  1861 | D:3      | Found a blossoming altar of Fedhas.
  1863 | D:3      | Found an ancient bone altar of Kikubaaqudgha.
  1869 | D:3      | Reached skill level 1 in Hexes
  1869 | D:3      | Reached XP level 5. HP: 28/28 MP: 10/13
  1895 | D:3      | Reached skill level 1 in Translocations
  2177 | D:3      | Found a runed translucent door.
  2354 | D:3      | Reached XP level 6. HP: 32/32 MP: 10/15
  3139 | D:3      | Noticed Ijyb
  3168 | D:3      | Killed Ijyb
  3168 | D:3      | Reached skill level 5 in Spellcasting
  3552 | D:3      | Killed jr88keys's ghost
  3751 | D:2      | Reached XP level 7. HP: 36/36 MP: 13/17
  3927 | D:4      | Reached skill level 6 in Spellcasting
  4059 | D:4      | Reached skill level 1 in Evocations
  4065 | D:4      | Learned a level 4 spell: Fulminant Prism
  4256 | D:4      | Noticed Pikel
  4380 | D:4      | Killed Pikel
  4380 | D:4      | Reached skill level 7 in Spellcasting
  4380 | D:4      | Reached XP level 8. HP: 13/41 MP: 1/21
  4979 | D:4      | Found a shadowy altar of Dithmenos.
  5137 | D:5      | Entered Level 5 of the Dungeon
  5139 | D:5      | Found a staircase to the Ecumenical Temple.
  5145 | Temple   | Entered the Ecumenical Temple
  5526 | D:5      | Reached skill level 8 in Spellcasting
  5828 | D:5      | Found a bloodstained altar of Trog.
  6316 | D:5      | Reached skill level 5 in Hexes
  7251 | D:7      | Noticed Maggie
  7260 | D:7      | Killed Maggie
  7260 | D:7      | Reached XP level 9. HP: 42/45 MP: 14/23
  7261 | D:7      | Reached skill level 9 in Spellcasting
  7287 | D:7      | Found a shimmering blue altar of Sif Muna.
  7292 | D:7      | Became a worshipper of Sif Muna the Loreminder
  7489 | D:7      | Noticed Harold
  7526 | D:7      | Killed Harold
  7526 | D:7      | Reached skill level 1 in Throwing
  7526 | D:7      | Reached skill level 5 in Translocations
  7526 | D:7      | Reached skill level 1 in Invocations
  7658 | D:7      | Found a hazy altar of Hepliaklqana.
  7865 | D:7      | Found an ornate altar of the Wu Jian Council.
  8514 | D:8      | Reached XP level 10. HP: 50/50 MP: 12/25
  8518 | D:8      | Reached skill level 10 in Spellcasting
  8518 | D:8      | Reached * piety under Sif Muna
  8926 | D:8      | Noticed a two-headed ogre
  8934 | D:8      | Killed a two-headed ogre
  8934 | D:8      | Reached skill level 5 in Dodging
  8934 | D:8      | Reached skill level 5 in Evocations
  9408 | D:8      | Found a sacrificial altar of Ru.
  9999 | D:9      | Found a radiant altar of Vehumet.
  9999 | D:9      | Found a snail-covered altar of Cheibriados.
  9999 | D:9      | Found a shimmering blue altar of Sif Muna.
 10102 | D:9      | Reached ** piety under Sif Muna
 10736 | D:9      | Upgraded the game from 0.26-a0-672-g1df16c3386 to
                  | 0.26-a0-682-g294304f6e8
 10787 | D:10     | Entered Level 10 of the Dungeon
 11066 | D:10     | Reached XP level 11. HP: 54/54 MP: 18/27
 11189 | D:10     | Learned a level 3 spell: Mephitic Cloud
 11194 | D:10     | Learned a level 3 spell: Ignite Poison
 11423 | D:10     | Reached skill level 1 in Fire Magic
 11641 | D:10     | Reached skill level 11 in Spellcasting
 11707 | D:10     | Reached skill level 1 in Transmutations
 11707 | D:10     | Reached skill level 1 in Air Magic
 11710 | D:10     | Reached skill level 1 in Poison Magic
 11799 | D:10     | Reached *** piety under Sif Muna
 12956 | D:11     | You fall into a shaft and drop 2 floors!
 12957 | D:13     | Noticed a centaur warrior
 12970 | D:13     | Killed a centaur warrior
 12970 | D:13     | Reached skill level 10 in Conjurations
 12984 | D:13     | Noticed Urug
 12989 | D:13     | Noticed Rupert
 12989 | D:13     | Hit by a javelin thrown by Urug

Illustrated notes

Levels and vault maps discovered:
D:1:      saegor_arrival_simple_a, layout_basic
D:2:      layout_loops_ring, gammafunk_temple_overflow_arena,
          chequers_ecumenical_altar_grove, uniq_robin
D:3:      kennysheep_goblin_castle, layout_basic,
          grunt_temple_overflow_growth_and_decay, ebering_ghost_sewer_f,
          uniq_ijyb
D:4:      layout_basic, grunt_dithmenos_smoke_and_mirrors, uniq_pikel
D:5:      layout_basic, nicolae_overflow_crystal_walls,
          minmay_temple_entry_proselytizer
D:6:      layout_basic
D:7:      layout_rooms, kennysheep_mini, lemuel_round_altar, basic_altar,
          uniq_harold, uniq_maggie
D:8:      layout_loops_ring, nicolae_ru_the_path_less_chosen, minmay_circle_x
D:9:      lemuel_upstairs_altar, layout_loops_ring,
          gammafunk_temple_overflow_claw
D:10:     layout_roguey
D:11:     layout_irregular_city, david_lair_shrubbed, orc_0_dummy,
          portal_ice_cave_entry_animals_and_master
D:13:     layout_irregular_city, david_vaults_3, serial_shops, shop
Temple:   jpeg_temple_alley_garden

Skill      XL: |  1  2  3  4  5  6  7  8  9 10 11 |
---------------+----------------------------------+-----
Conjurations   | 5 6 7 8 9 10 | 10.0
Spellcasting   | 4 5 7 8 9 10 11 | 11.3
Stealth        | 3 4 |  4.5
Hexes          | 1 2 3 5 7 8 9 |  9.3
Dodging        | 3 4 5 |  5.5
Translocations | 1 2 3 4 5 6 7 |  7.5
Evocations     | 1 2 4 5 6 |  6.5
Throwing       | 2 3 |  3.1
Invocations    | 2 3 |  3.9
Fire Magic     | 2 |  2.5
Transmutations | 2 |  2.5
Air Magic      | 2 |  2.1
Poison Magic   | 2 |  2.1
Short Blades   | |  0.2

Action                   |  1- 3 |  4- 6 |  7- 9 | 10-12 || total
-------------------------+-------+-------+-------+-------++-------
Melee: Dagger            |       |       |    28 |       ||    28
 Cast: Magic Dart        |    36 |    23 |    64 |    80 ||   203
       Searing Ray       |     7 |    40 |    79 |   108 ||   234
       Mephitic Cloud    |       |       |       |     3 ||     3
       Ignite Poison     |       |       |       |     2 ||     2
       Iskenderun's Myst |       |       |       |     1 ||     1
       Fulminant Prism   |       |       |       |     1 ||     1
Evoke: Wand              |     5 |       |       |     3 ||     8
  Use: Scroll            |       |    12 |    12 |    10 ||    34
       Potion            |       |       |     2 |       ||     2
 Stab: Sleeping          |       |       |     1 |       ||     1
Armor: Robe              |       |     3 |     3 |    28 ||    34
       Skin              |       |       |    20 |       ||    20
       Steam dragon scal |       |       |     1 |     1 ||     2
Dodge: Dodged            |     4 |    15 |    28 |   161 ||   208
Block: Buckler           |       |       |     1 |    23 ||    24

Table legend: (Time is in decaauts)
 A = Elapsed time spent in this place.
 B = Non-inter-level travel time spent in this place.
 C = Inter-level travel time spent in this place.
 D = Time resting spent in this place.
 E = Time spent auto-exploring this place.
 F = Levels seen in this place.
 G = Mean time per level.
                   A        B        C        D        E       F      G
               +--------+--------+--------+--------+--------+-----+--------+
         Total |  13005 |  12610 |    395 |   4563 |   4681 |  13 | 1000.4 |
       Dungeon |  12754 |  12412 |    342 |   4563 |   4550 |  12 | 1062.8 |
        Temple |    250 |    197 |     53 |      0 |    131 |   1 |  250.0 |
               +--------+--------+--------+--------+--------+-----+--------+

Top non-repeatable levels by time:
    D:10: 2010 daAuts
     D:3: 1968 daAuts
     D:8: 1569 daAuts
     D:9: 1278 daAuts
     D:4: 1265 daAuts
     D:2: 1245 daAuts
     D:5: 1014 daAuts
     D:6: 821 daAuts
     D:7: 713 daAuts
     D:1: 672 daAuts
  Temple: 250 daAuts
    D:11: 161 daAuts
    D:13: 32 daAuts
